 Dungeon Crawl Stone Soup version 0.23.2 (webtiles) character file.

Game seed: 11579799534636003744

46 Fang the Skirmisher (level 3, 0/36 HPs)
             Began as a Gargoyle Berserker on Apr 10, 2019.
             Was a Believer of Trog.
             Slain by an orc warrior
             ... wielding a +0 war axe
              (3 damage)
             ... on level 3 of the Dungeon.
             The game lasted 00:01:10 (1418 turns).

Fang the Skirmisher (Gargoyle Berserker)            Turns: 1418, Time: 00:01:11

Health: 0/36       AC:  5    Str: 26    XL:     3   Next: 66%
Magic:  3/3        EV: 12    Int:  7    God:    Trog [**....]
Gold:   118        SH:  0    Dex:  9    Spells: 2/2 levels left

rFire    . . .     SeeInvis .   a - +0 hand axe
rCold    . . .     Gourm    .   (no shield)
rNeg     + . .     Faith    .   b - +0 animal skin
rPois    ∞         Spirit   .   (no helmet)
rElec    +         Reflect  .   (no cloak)
rCorr    .         Harm     .   (no gloves)
MR       ++...                  (no boots)
Stlth    ..........             (no amulet)
HPRegen  1.12/turn              (no ring)
MPRegen  0.08/turn              (no ring)

@: berserking (expiring), starving, regenerating, very quick
A: negative energy resistance 1, electricity resistance, unbreathing,
petrification resistance, rot immunity, AC +3
a: Berserk, Trog's Hand, Renounce Religion


You were on level 3 of the Dungeon.
You worshipped Trog.
Trog was pleased with you.
You were starving.

You visited 1 branch of the dungeon, and saw 3 of its levels.

You collected 118 gold pieces.

Inventory:

Hand Weapons
 a - a +0 hand axe (weapon)
Armour
 b - a +0 animal skin (worn)
Scrolls
 d - a scroll of enchant weapon {unknown}
 e - 4 scrolls of identify {unknown}
 g - a scroll of immolation {unknown}
 i - a scroll of noise {unknown}
 l - 5 scrolls of remove curse {unknown}
 o - a scroll of enchant armour {unknown}
Potions
 h - 2 potions of lignification {unknown}
 j - 2 potions of agility {unknown}
 k - a potion of heal wounds {unknown}
 m - 3 potions of might {unknown}
 n - a potion of degeneration {unknown}
Comestibles
 c - 7 rations


   Skills:
 + Level 3.8 Fighting
 + Level 3.1 Axes
 + Level 2.8 Armour
 + Level 2.1 Dodging


You had 2 spell levels left.
You didn't know any spells.
Your spell library was empty.

Dungeon Overview and Level Annotations

Branches:
Dungeon (3/15)

Altars:
Nemelex Xobeh

Annotations:
D:3 Ijyb


Innate Abilities, Weirdness & Mutations

You are resistant to torment.
Your stone body is resilient. (AC +3)
You are immune to poison.
You resist negative energy. (rN+)
You are resistant to electric shocks. (rElec)
You can survive without breathing.
You are immune to petrification.
You are immune to rotting.


Message History

Ijyb hits you but does no damage.
You hit Ijyb but do no damage. You closely miss the orc warrior.
The orc warrior closely misses you. Ijyb barely misses you.
You slash Ijyb!
Ijyb is heavily wounded.
You closely miss the orc warrior. You barely miss Ijyb.
Ijyb is heavily wounded.
You hit the orc warrior. Ijyb barely misses you.
The orc warrior hits you with a +0 war axe!!
Ouch! That really hurt!
* * * LOW HITPOINT WARNING * * *
You closely miss the orc warrior.
The orc warrior is lightly wounded.
You barely miss Ijyb. Ijyb hits you but does no damage.
You hit the orc warrior.
The orc warrior is moderately wounded.
You barely miss Ijyb.
The orc warrior hits you with a +0 war axe.
You die...

##########
#...g@...#
#.o.o....#
###########.>...!..#
#......!...........#
...###...##+#######
#.#.# #...# #.#.#
#...# #.#.# #...#
#.#.# #...#


You could see an orc warrior, Ijyb and an orc.

Vanquished Creatures
  An ooze (D:2)
  A worm (D:2)
  A dart slug (D:2)
  A ball python (D:1)
  2 giant cockroaches
  A goblin (D:1)
  6 hobgoblins
  11 bats
  2 frilled lizards
  7 kobolds
  5 rats
38 creatures vanquished.

Notes
Turn   | Place    | Note
-------+----------+-------------------------------------------
     0 | D:1      | Fang the Gargoyle Berserker began the quest for the Orb.
     0 | D:1      | Reached XP level 1. HP: 14/14 MP: 1/1
   119 | D:1      | Reached XP level 2. HP: 13/19 MP: 2/2
   634 | D:1      | Reached ** piety under Trog
   813 | D:1      | Reached XP level 3. HP: 23/23 MP: 3/3
  1109 | D:2      | Found a sparkling altar of Nemelex Xobeh.
  1394 | D:3      | Noticed Ijyb
  1396 | D:3      | Noticed an orc warrior
  1418 | D:3      | Slain by an orc warrior

Skill      XL: |  1  2 |
---------------+-------+-----
Dodging        | 2 |  2.1
Axes           | 3 |  3.1
Fighting       | |  3.8
Armour         | |  2.8

Action                   || total
-------------------------++-------
Melee: Hand axe          ||   126
Invok: Berserk           ||     1
       Trog's Hand       ||     1
  Eat: Chunk             ||     1
Armor: Animal skin       ||    70
Dodge: Dodged            ||    99
